[ AOE2 MATCH · #486891633 ]
UnrankedSaracens vs Khitans
[ REPLAY ANALYSIS · EXTRACTED FROM THE RECORDED GAME ]
Feudal
10:17
Castle
31:19
Imperial
62:20
| APM avg | 41.3 |
| APM peak | 84 |
| eAPM avg | 19.9 |
| Villagers / military | 97 / 182 |
Focus
⚔️ 20.4% · 🌾 79.6%
Archer ×113 · Mameluke ×25 · Fishing Ship ×16 · Camel Scout ×14 · Battering Ram ×11 · Demolition Raft ×10
Feudal
12:25
Castle
19:08
Imperial
34:19
| APM avg | 25.8 |
| APM peak | 74 |
| eAPM avg | 17.3 |
| Villagers / military | 181 / 258 |
Focus
⚔️ 35.5% · 🌾 64.5%
Organ Gun ×134 · Knight ×44 · Scout Cavalry ×43 · Fishing Ship ×23 · Caravel ×17 · Trebuchet (Packed) ×9
Feudal
13:06
Castle
27:10
Imperial
49:28
| APM avg | 23.9 |
| APM peak | 69 |
| eAPM avg | 18.1 |
| Villagers / military | 324 / 332 |
Focus
⚔️ 33.1% · 🌾 66.9%
Steppe Lancer ×183 · Fire Lancer ×97 · Skirmisher ×27 · Scout Cavalry ×21 · Spearman ×4
Feudal
12:25
Castle
24:44
Imperial
39:53
| APM avg | 27.6 |
| APM peak | 67 |
| eAPM avg | 14.5 |
| Villagers / military | 145 / 245 |
Focus
⚔️ 33.0% · 🌾 67.0%
Skirmisher ×72 · Hand Cannoneer ×67 · Scout Cavalry ×62 · Fishing Ship ×22 · Knight ×20 · Galley ×13
Feudal
11:57
Castle
25:24
Imperial
64:49
| APM avg | 50.8 |
| APM peak | 97 |
| eAPM avg | 21.2 |
| Villagers / military | 111 / 92 |
Focus
⚔️ 26.5% · 🌾 73.5%
Spearman ×33 · Knight ×20 · Militia ×11 · Archer ×10 · Scout Cavalry ×7 · Mangonel ×6
Feudal
13:35
Castle
18:45
Imperial
36:01
| APM avg | 14.8 |
| APM peak | 46 |
| eAPM avg | 7.8 |
| Villagers / military | 109 / 37 |
Focus
⚔️ 20.4% · 🌾 79.6%
Rattan Archer ×23 · Fishing Ship ×12 · Trade Cog ×9 · Knight ×8 · Mangonel ×2 · Trebuchet (Packed) ×2
Feudal
12:28
Castle
18:21
Imperial
35:02
| APM avg | 34.5 |
| APM peak | 91 |
| eAPM avg | 24.5 |
| Villagers / military | 127 / 1002 |
Focus
⚔️ 72.0% · 🌾 28.0%
Spearman ×650 · Huskarl ×352
Feudal
14:15
Castle
25:18
Imperial
46:19
| APM avg | 26.2 |
| APM peak | 67 |
| eAPM avg | 13.9 |
| Villagers / military | 122 / 156 |
Focus
⚔️ 31.9% · 🌾 68.1%
Janissary ×91 · Hand Cannoneer ×19 · Fishing Ship ×17 · Bombard Cannon ×16 · Camel Scout ×8 · Militia ×7
Match map
Initial resources + every placement click. Lines = walls · curves = elevation contours. ◆ gold · ⬟ stone · ● berries · ✦ relic · ◌ wall gap
Your base· Open — unwalled flank
Alastor1001's base· Open — unwalled flank
Anipazronkin's base· Open — 3t gap
Motobineuse's base· Open — unwalled flank
MapacheZebra's base· Open — 6t gap
Searching for food's base· Open — unwalled flank
Vanadis's base· Open — unwalled flank
orod's base· Open — unwalled flank
Smoothed initial terrain · ◌ = detected wall gap · hover for details
Inputs per minute
— CDLP_Themachine - - Alastor1001
Build order — CDLP_Themachine
First 150 of 370 actions detected
| 0:02 | Create | Villager (Male) |
| 0:02 | Create | Villager (Male) |
| 0:02 | Create | Villager (Male) |
| 0:02 | Create | Villager (Male) |
| 0:06 | Build | House |
| 0:07 | Build | House |
| 1:29 | Create | Villager (Male) |
| 1:30 | Create | Villager (Male) |
| 1:49 | Create | Villager (Male) |
| 1:50 | Create | Villager (Male) |
| 2:36 | Create | Villager (Male) |
| 2:48 | Create | Villager (Male) |
| 2:48 | Create | Villager (Male) |
| 2:52 | Research | Loom |
| 3:11 | Create | Villager (Male) |
| 3:41 | Create | Villager (Male) |
| 4:14 | Build | House |
| 4:26 | Create | Villager (Male) |
| 4:52 | Build | Mill |
| 4:54 | Create | Villager (Male) |
| 4:54 | Create | Villager (Male) |
| 5:27 | Create | Villager (Male) |
| 5:28 | Create | Villager (Male) |
| 5:28 | Create | Villager (Male) |
| 5:28 | Create | Villager (Male) |
| 6:04 | Build | House |
| 6:36 | Build | Lumber Camp |
| 6:59 | Build | Dock |
| 7:05 | Create | Villager (Male) |
| 7:05 | Create | Villager (Male) |
| 7:05 | Create | Villager (Male) |
| 8:07 | Research | Feudal Age |
| 9:09 | Create | Fishing Ship |
| 9:56 | Build | Barracks |
| 10:00 | Build | House |
| 10:17 | Age | Feudal Age |
| 10:20 | Create | Villager (Male) |
| 10:20 | Create | Villager (Male) |
| 10:27 | Research | Double-Bit Axe |
| 10:39 | Build | Mining Camp |
| 11:26 | Build | Archery Range |
| 11:45 | Build | Blacksmith |
| 12:12 | Create | Archer |
| 12:12 | Create | Archer |
| 12:31 | Build | Market |
| 12:45 | Create | Archer |
| 13:13 | Create | Villager (Male) |
| 13:28 | Build | Archery Range |
| 13:33 | Research | Fletching |
| 13:33 | Research | Fletching |
| 13:58 | Create | Archer |
| 14:04 | Create | Archer |
| 14:04 | Create | Archer |
| 14:05 | Create | Archer |
| 14:05 | Create | Archer |
| 14:24 | Build | House |
| 14:32 | Build | House |
| 14:49 | Build | Palisade Wall |
| 14:55 | Create | Archer ×2 |
| 14:55 | Create | Archer ×2 |
| 14:57 | Create | Villager (Male) |
| 14:57 | Create | Villager (Male) |
| 15:02 | Create | Fishing Ship |
| 15:02 | Create | Fishing Ship |
| 15:36 | Create | Archer ×2 |
| 15:36 | Create | Archer ×2 |
| 16:04 | Create | Villager (Male) |
| 16:08 | Create | Demolition Raft |
| 16:09 | Create | Demolition Raft |
| 16:15 | Create | Archer ×2 |
| 16:16 | Create | Archer ×2 |
| 17:04 | Build | House |
| 17:04 | Build | House |
| 17:08 | Create | Fishing Ship |
| 17:08 | Create | Fishing Ship |
| 17:09 | Create | Fishing Ship |
| 17:09 | Create | Fishing Ship |
| 17:09 | Create | Fishing Ship |
| 17:14 | Create | Archer |
| 17:14 | Create | Archer |
| 17:29 | Build | House |
| 17:57 | Create | Fire Galley |
| 18:17 | Create | Villager (Male) |
| 18:18 | Create | Villager (Male) |
| 18:18 | Create | Villager (Male) |
| 18:19 | Create | Villager (Male) |
| 18:23 | Create | Archer ×4 |
| 18:23 | Create | Archer ×4 |
| 19:29 | Create | Archer ×3 |
| 19:30 | Create | Archer ×3 |
| 19:33 | Create | Villager (Male) |
| 19:33 | Create | Villager (Male) |
| 21:23 | Build | Farm |
| 21:24 | Build | Farm |
| 21:24 | Build | Farm |
| 21:55 | Build | Farm |
| 21:57 | Create | Spearman |
| 21:58 | Create | Spearman |
| 22:19 | Create | Archer ×5 |
| 22:19 | Create | Archer ×5 |
| 22:20 | Create | Archer |
| 22:21 | Create | Villager (Male) |
| 22:21 | Create | Villager (Male) |
| 23:05 | Build | Palisade Wall |
| 23:22 | Build | Lumber Camp |
| 23:29 | Research | Wheelbarrow |
| 23:43 | Create | Demolition Raft |
| 23:43 | Create | Demolition Raft |
| 23:45 | Create | Villager (Male) |
| 23:45 | Create | Villager (Male) |
| 23:46 | Create | Villager (Male) |
| 24:12 | Build | House |
| 24:13 | Build | House |
| 24:47 | Build | Mining Camp |
| 25:27 | Build | Palisade Wall |
| 25:39 | Create | Villager (Male) |
| 25:39 | Create | Villager (Male) |
| 25:39 | Create | Villager (Male) |
| 25:39 | Create | Villager (Male) |
| 25:40 | Create | Villager (Male) |
| 25:40 | Create | Villager (Male) |
| 25:51 | Build | Farm |
| 25:52 | Build | Farm |
| 25:52 | Build | Farm |
| 25:53 | Build | Farm |
| 25:59 | Build | Mill |
| 27:08 | Build | Farm |
| 28:04 | Build | House |
| 28:13 | Build | Lumber Camp |
| 28:39 | Research | Castle Age |
| 28:55 | Create | Spearman |
| 28:55 | Create | Spearman |
| 29:12 | Build | House |
| 29:53 | Create | Archer ×5 |
| 29:53 | Create | Archer ×5 |
| 31:19 | Age | Castle Age |
| 31:45 | Create | Villager (Male) |
| 31:45 | Create | Villager (Male) |
| 31:45 | Create | Villager (Male) |
| 31:48 | Create | Villager (Male) |
| 31:48 | Create | Villager (Male) |
| 31:49 | Create | Villager (Male) |
| 31:49 | Create | Villager (Male) |
| 31:49 | Create | Villager (Male) |
| 31:49 | Create | Villager (Male) |
| 32:14 | Build | Stone Wall |
| 32:42 | Build | Stone Wall |
| 32:53 | Build | Farm |
| 33:16 | Build | Town Center |
| 33:19 | Build | Farm |
Build order — Alastor1001
First 150 of 667 actions detected
| 0:06 | Build | House |
| 0:07 | Build | House |
| 0:08 | Create | Villager (Male) |
| 0:09 | Create | Villager (Male) |
| 0:09 | Create | Villager (Male) |
| 0:09 | Create | Villager (Male) |
| 0:09 | Create | Villager (Male) |
| 0:40 | Build | House |
| 0:41 | Build | House |
| 1:48 | Build | Lumber Camp |
| 1:50 | Create | Villager (Male) |
| 2:18 | Create | Villager (Male) |
| 2:18 | Create | Villager (Male) |
| 2:36 | Create | Villager (Male) |
| 3:03 | Create | Villager (Male) |
| 3:09 | Create | Villager (Male) |
| 3:58 | Create | Villager (Male) |
| 3:58 | Create | Villager (Male) |
| 3:58 | Create | Villager (Male) |
| 4:44 | Create | Villager (Male) |
| 4:44 | Create | Villager (Male) |
| 4:45 | Create | Villager (Male) |
| 4:45 | Create | Villager (Male) |
| 5:51 | Build | Mill |
| 5:57 | Build | House |
| 5:58 | Build | House |
| 6:05 | Create | Villager (Male) |
| 6:05 | Create | Villager (Male) |
| 6:05 | Create | Villager (Male) |
| 6:05 | Create | Villager (Male) |
| 6:59 | Create | Villager (Male) |
| 7:37 | Create | Villager (Male) |
| 7:37 | Create | Villager (Male) |
| 7:38 | Create | Villager (Male) |
| 7:51 | Build | Lumber Camp |
| 7:56 | Build | Mining Camp |
| 8:12 | Build | Lumber Camp |
| 8:34 | Create | Villager (Male) |
| 8:34 | Create | Villager (Male) |
| 8:35 | Create | Villager (Male) |
| 9:39 | Research | Feudal Age |
| 9:57 | Build | Dock |
| 10:07 | Build | Mill |
| 10:37 | Build | Dock |
| 10:58 | Create | Villager (Male) |
| 10:58 | Create | Villager (Male) |
| 11:18 | Create | Fishing Ship |
| 11:18 | Create | Fishing Ship |
| 11:52 | Build | House |
| 11:56 | Build | House |
| 11:59 | Build | Lumber Camp |
| 12:03 | Create | Fishing Ship |
| 12:03 | Create | Fishing Ship |
| 12:04 | Create | Fishing Ship |
| 12:25 | Age | Feudal Age |
| 12:26 | Research | Double-Bit Axe |
| 12:26 | Research | Double-Bit Axe |
| 12:30 | Create | Villager (Male) |
| 12:31 | Create | Villager (Male) |
| 12:48 | Build | Market |
| 13:00 | Create | Villager (Male) |
| 13:29 | Create | Fishing Ship |
| 13:29 | Create | Fishing Ship |
| 13:29 | Create | Fishing Ship |
| 13:29 | Create | Fishing Ship |
| 13:30 | Create | Fishing Ship |
| 13:30 | Create | Fishing Ship |
| 14:01 | Create | Villager (Male) |
| 14:21 | Build | Blacksmith |
| 14:31 | Create | Villager (Male) |
| 14:31 | Create | Villager (Male) |
| 14:43 | Build | Mining Camp |
| 15:05 | Build | House |
| 15:08 | Create | Fishing Ship |
| 15:08 | Create | Fishing Ship |
| 15:19 | Research | Loom |
| 15:36 | Build | House |
| 15:37 | Build | House |
| 15:39 | Create | Fishing Ship |
| 15:40 | Create | Fishing Ship |
| 15:40 | Create | Fishing Ship |
| 15:40 | Create | Fishing Ship |
| 15:45 | Create | Villager (Male) |
| 16:28 | Research | Castle Age |
| 16:32 | Build | Farm |
| 16:32 | Build | Farm |
| 16:32 | Build | Farm |
| 16:33 | Build | Farm |
| 16:33 | Build | Farm |
| 16:33 | Build | Farm |
| 16:33 | Build | Farm |
| 16:48 | Create | Galley |
| 16:48 | Create | Galley |
| 16:48 | Create | Galley |
| 16:49 | Create | Galley |
| 16:49 | Create | Galley |
| 17:23 | Build | Barracks |
| 17:43 | Create | Villager (Male) |
| 17:43 | Create | Villager (Male) |
| 19:08 | Age | Castle Age |
| 19:12 | Build | Town Center |
| 19:20 | Build | Town Center |
| 19:29 | Research | War Galley (upgrade) |
| 19:49 | Create | Villager (Male) |
| 19:50 | Create | Villager (Male) |
| 19:50 | Create | Villager (Male) |
| 19:50 | Create | Villager (Male) |
| 20:45 | Create | Villager (Male) |
| 20:46 | Create | Villager (Male) |
| 20:46 | Create | Villager (Male) |
| 20:46 | Create | Villager (Male) |
| 20:47 | Create | Villager (Male) |
| 20:47 | Create | Villager (Male) |
| 20:47 | Create | Villager (Male) |
| 20:47 | Create | Villager (Male) |
| 20:48 | Create | Villager (Male) |
| 21:15 | Create | Villager (Male) |
| 21:15 | Create | Villager (Male) |
| 21:16 | Create | Villager (Male) |
| 21:24 | Build | Mill |
| 21:27 | Build | Farm |
| 21:27 | Build | Farm |
| 21:27 | Build | Farm |
| 21:28 | Build | Farm |
| 21:28 | Build | Farm |
| 21:28 | Build | Farm |
| 21:28 | Build | Farm |
| 21:37 | Create | Fishing Ship |
| 21:37 | Create | Fishing Ship |
| 21:37 | Create | Fishing Ship |
| 21:37 | Create | Fishing Ship |
| 21:38 | Create | Fishing Ship |
| 21:38 | Create | Fishing Ship |
| 22:07 | Build | Castle |
| 22:37 | Create | Villager (Male) |
| 22:37 | Create | Villager (Male) |
| 22:37 | Create | Villager (Male) |
| 22:38 | Create | Villager (Male) |
| 22:38 | Create | Villager (Male) |
| 23:29 | Build | Mill |
| 23:31 | Build | Farm |
| 23:32 | Build | Farm |
| 23:32 | Build | Farm |
| 23:32 | Build | Farm |
| 23:32 | Build | Farm |
| 23:32 | Build | Farm |
| 23:33 | Build | Farm |
| 23:33 | Build | Farm |
| 23:36 | Create | Villager (Male) |
| 23:37 | Create | Villager (Male) |
Build order — Anipazronkin
First 150 of 662 actions detected
| 0:05 | Create | Villager (Male) ×4 |
| 0:06 | Research | Loom |
| 0:09 | Build | House |
| 0:11 | Build | House |
| 0:49 | Build | Mill |
| 1:36 | Create | Villager (Male) |
| 1:38 | Research | Loom |
| 2:14 | Create | Villager (Male) |
| 2:34 | Create | Villager (Male) |
| 3:13 | Create | Villager (Male) |
| 3:25 | Create | Villager (Male) |
| 3:33 | Build | House |
| 3:39 | Create | Villager (Male) |
| 3:56 | Build | House |
| 4:21 | Create | Villager (Male) |
| 4:21 | Create | Villager (Male) |
| 4:43 | Create | Villager (Male) |
| 4:44 | Create | Villager (Male) |
| 5:14 | Create | Villager (Male) |
| 5:14 | Create | Villager (Male) |
| 5:45 | Create | Villager (Male) |
| 6:37 | Create | Villager (Male) |
| 6:37 | Create | Villager (Male) |
| 6:38 | Create | Villager (Male) |
| 6:38 | Create | Villager (Male) |
| 6:38 | Create | Villager (Male) |
| 6:39 | Create | Villager (Male) |
| 6:39 | Create | Villager (Male) |
| 6:58 | Create | Villager (Male) |
| 6:58 | Create | Villager (Male) |
| 8:29 | Build | Mill |
| 9:03 | Build | House |
| 9:17 | Build | House |
| 9:36 | Build | House |
| 9:38 | Build | House |
| 9:47 | Create | Villager (Male) |
| 9:47 | Create | Villager (Male) |
| 9:47 | Create | Villager (Male) |
| 9:47 | Create | Villager (Male) |
| 9:48 | Create | Villager (Male) |
| 10:00 | Build | Lumber Camp |
| 10:09 | Create | Villager (Male) |
| 10:09 | Create | Villager (Male) |
| 10:21 | Build | House |
| 10:23 | Build | House |
| 10:23 | Build | House |
| 10:26 | Build | House |
| 10:43 | Research | Feudal Age |
| 11:07 | Build | Lumber Camp |
| 11:22 | Create | Villager (Male) |
| 11:22 | Create | Villager (Male) |
| 11:23 | Create | Villager (Male) |
| 11:23 | Create | Villager (Male) |
| 11:23 | Create | Villager (Male) |
| 11:23 | Create | Villager (Male) |
| 11:41 | Build | Lumber Camp |
| 12:14 | Build | Pasture |
| 12:16 | Build | Pasture |
| 12:24 | Build | Pasture |
| 12:27 | Build | Pasture |
| 13:06 | Age | Feudal Age |
| 13:08 | Research | Wheelbarrow |
| 13:08 | Research | Town Watch |
| 13:11 | Research | Double-Bit Axe |
| 13:13 | Research | Tech 1014 |
| 13:19 | Create | Villager (Male) |
| 13:19 | Create | Villager (Male) |
| 13:19 | Create | Villager (Male) |
| 13:19 | Create | Villager (Male) |
| 13:20 | Create | Villager (Male) |
| 13:20 | Create | Villager (Male) |
| 13:58 | Build | Pasture |
| 13:58 | Build | Pasture |
| 14:09 | Build | Blacksmith |
| 14:34 | Build | Barracks |
| 14:51 | Build | Market |
| 14:55 | Build | Mining Camp |
| 15:02 | Build | Lumber Camp |
| 15:15 | Build | Mining Camp |
| 15:39 | Build | Archery Range |
| 15:44 | Build | Pasture |
| 15:48 | Research | Fletching |
| 15:48 | Research | Padded Archer Armor |
| 15:51 | Create | Villager (Male) |
| 16:03 | Research | Gold Mining |
| 16:16 | Build | Pasture |
| 16:16 | Build | Pasture |
| 16:17 | Build | Pasture |
| 16:22 | Create | Villager (Male) |
| 16:23 | Create | Villager (Male) |
| 16:34 | Create | Skirmisher |
| 16:35 | Create | Skirmisher |
| 16:55 | Build | Pasture |
| 16:59 | Build | Pasture |
| 17:05 | Create | Skirmisher |
| 17:14 | Create | Skirmisher |
| 17:24 | Create | Skirmisher |
| 17:36 | Research | Scale Barding Armor |
| 17:42 | Build | Stable |
| 17:48 | Create | Villager (Male) |
| 17:59 | Build | House |
| 18:00 | Build | House |
| 18:01 | Build | House |
| 18:02 | Build | House |
| 18:08 | Create | Villager (Male) |
| 18:10 | Create | Skirmisher |
| 18:40 | Research | Scale Barding Armor |
| 18:41 | Research | Forging |
| 18:49 | Build | Stable |
| 18:52 | Create | Villager (Male) |
| 18:54 | Create | Skirmisher |
| 18:55 | Create | Skirmisher |
| 18:55 | Create | Skirmisher |
| 19:21 | Create | Villager (Male) |
| 19:22 | Create | Villager (Male) |
| 19:28 | Create | Scout Cavalry |
| 19:28 | Create | Scout Cavalry |
| 20:03 | Create | Villager (Male) |
| 20:07 | Build | Pasture |
| 20:09 | Build | Pasture |
| 20:13 | Create | Skirmisher |
| 20:13 | Create | Skirmisher |
| 20:16 | Create | Scout Cavalry |
| 20:16 | Create | Scout Cavalry |
| 20:39 | Build | House |
| 20:40 | Build | House |
| 20:41 | Build | House |
| 20:41 | Build | House |
| 20:45 | Create | Villager (Male) |
| 20:45 | Create | Villager (Male) |
| 20:48 | Create | Skirmisher |
| 21:00 | Build | Mining Camp |
| 21:05 | Build | House |
| 21:06 | Build | House |
| 21:07 | Build | House |
| 21:08 | Build | House |
| 21:08 | Build | House |
| 21:09 | Build | House |
| 21:10 | Build | House |
| 21:10 | Build | House |
| 21:11 | Build | House |
| 21:16 | Research | Stone Mining |
| 21:24 | Create | Villager (Male) |
| 21:25 | Create | Villager (Male) |
| 21:27 | Create | Scout Cavalry |
| 21:27 | Create | Scout Cavalry |
| 21:28 | Create | Scout Cavalry |
| 21:29 | Create | Skirmisher |
| 21:30 | Create | Skirmisher |
| 21:30 | Create | Skirmisher |
Build order — Motobineuse
First 150 of 428 actions detected
| 0:01 | Create | Villager (Male) |
| 0:02 | Create | Villager (Male) |
| 0:02 | Create | Villager (Male) |
| 0:03 | Build | House |
| 0:04 | Build | House |
| 0:37 | Create | Villager (Male) |
| 1:27 | Create | Villager (Male) |
| 1:28 | Create | Villager (Male) |
| 2:02 | Create | Villager (Male) |
| 2:02 | Create | Villager (Male) |
| 2:12 | Build | Lumber Camp |
| 2:13 | Create | Villager (Male) |
| 2:13 | Create | Villager (Male) |
| 2:46 | Create | Villager (Male) |
| 2:56 | Create | Villager (Male) |
| 3:36 | Create | Villager (Male) |
| 3:36 | Create | Villager (Male) |
| 4:10 | Create | Villager (Male) |
| 4:23 | Build | House |
| 4:34 | Create | Villager (Male) |
| 4:59 | Create | Villager (Male) |
| 5:23 | Create | Villager (Male) |
| 5:24 | Create | Villager (Male) |
| 5:39 | Create | Villager (Male) |
| 5:39 | Create | Villager (Male) |
| 6:01 | Create | Villager (Male) |
| 6:03 | Build | House |
| 6:05 | Create | Villager (Male) |
| 6:17 | Build | Dock |
| 6:20 | Create | Villager (Male) |
| 6:20 | Create | Villager (Male) |
| 6:33 | Build | Mill |
| 7:34 | Create | Villager (Male) |
| 7:42 | Create | Fishing Ship |
| 7:43 | Create | Fishing Ship |
| 7:45 | Build | House |
| 7:50 | Create | Villager (Male) |
| 8:30 | Build | Mining Camp |
| 8:53 | Create | Villager (Male) |
| 9:24 | Create | Fishing Ship |
| 9:25 | Create | Fishing Ship |
| 9:32 | Build | House |
| 9:37 | Create | Villager (Male) |
| 10:15 | Research | Feudal Age |
| 10:23 | Create | Fishing Ship |
| 11:21 | Build | Dock |
| 11:30 | Create | Villager (Male) |
| 11:30 | Create | Villager (Male) |
| 11:34 | Research | Double-Bit Axe |
| 11:59 | Create | Villager (Male) |
| 12:00 | Create | Villager (Male) |
| 12:25 | Age | Feudal Age |
| 12:35 | Create | Unit 2626 ×2 |
| 12:59 | Create | Villager (Male) |
| 13:05 | Research | Bow Saw |
| 13:15 | Build | House |
| 13:19 | Create | Unit 2626 |
| 14:07 | Create | Villager (Male) |
| 14:08 | Create | Villager (Male) |
| 14:14 | Create | Unit 2626 |
| 14:29 | Create | Villager (Male) |
| 14:29 | Create | Villager (Male) |
| 14:44 | Create | Unit 2626 |
| 14:44 | Create | Unit 2626 |
| 14:49 | Build | House |
| 15:03 | Build | House |
| 15:04 | Build | House |
| 15:05 | Build | House |
| 15:15 | Research | Loom |
| 15:19 | Research | Wheelbarrow |
| 15:19 | Create | Villager (Male) |
| 15:41 | Create | Unit 2626 ×4 |
| 16:37 | Create | Villager (Male) |
| 16:56 | Create | Fire Galley |
| 16:57 | Create | Fire Galley |
| 17:08 | Create | Villager (Male) |
| 17:09 | Create | Villager (Male) |
| 17:17 | Build | Lumber Camp |
| 17:40 | Build | House |
| 18:33 | Research | Tech 906 |
| 18:34 | Create | Fishing Ship ×2 |
| 18:40 | Build | House |
| 18:44 | Build | Mining Camp |
| 20:41 | Build | Market |
| 20:44 | Build | Blacksmith |
| 20:57 | Create | Unit 2626 |
| 20:58 | Create | Unit 2626 |
| 21:09 | Research | Hand Cart |
| 21:09 | Create | Villager (Male) |
| 21:10 | Create | Villager (Male) |
| 21:16 | Create | Fishing Ship ×3 |
| 21:30 | Build | House |
| 21:31 | Build | House |
| 21:39 | Research | Castle Age |
| 22:31 | Create | Villager (Male) |
| 23:19 | Create | Villager (Male) |
| 23:19 | Create | Villager (Male) |
| 23:46 | Research | Gillnets |
| 23:47 | Create | Fishing Ship ×5 |
| 23:52 | Create | Villager (Male) |
| 23:57 | Build | Mining Camp |
| 24:02 | Research | Gold Mining |
| 24:06 | Research | Horse Collar |
| 24:44 | Age | Castle Age |
| 24:57 | Research | War Galley (upgrade) |
| 25:16 | Research | Two-Man Saw |
| 25:21 | Build | Town Center |
| 25:31 | Build | Town Center |
| 25:43 | Create | Villager (Male) |
| 25:44 | Create | Villager (Male) |
| 25:45 | Create | Villager (Male) |
| 26:04 | Create | Fishing Ship |
| 26:05 | Create | Fishing Ship |
| 26:22 | Create | Villager (Male) |
| 26:25 | Research | Gold Shaft Mining |
| 26:43 | Create | Villager (Male) |
| 26:44 | Create | Villager (Male) |
| 26:44 | Create | Villager (Male) |
| 27:30 | Create | Galley |
| 27:30 | Create | Galley |
| 27:31 | Create | Galley |
| 27:31 | Create | Galley |
| 27:32 | Create | Galley |
| 27:38 | Build | Dock |
| 27:46 | Build | Dock |
| 27:57 | Build | University |
| 28:21 | Create | Villager (Male) |
| 28:21 | Create | Villager (Male) |
| 28:22 | Create | Villager (Male) |
| 28:22 | Create | Villager (Male) |
| 28:23 | Create | Villager (Male) |
| 28:29 | Build | Lumber Camp |
| 28:32 | Build | Lumber Camp |
| 28:36 | Research | Ballistics |
| 28:44 | Create | Villager (Male) |
| 28:49 | Build | Farm |
| 28:53 | Build | Farm |
| 28:55 | Create | Villager (Male) |
| 29:01 | Build | Farm |
| 29:01 | Build | Farm |
| 29:09 | Research | Tech 909 |
| 29:28 | Create | Fire Galley |
| 29:31 | Create | Galley |
| 29:31 | Create | Galley |
| 29:33 | Create | Galley |
| 29:37 | Create | Galley ×5 |
| 30:02 | Research | Careening |
| 30:06 | Build | House |
| 30:07 | Build | House |
| 30:07 | Build | House |
Build order — MapacheZebra
First 150 of 374 actions detected
| 0:14 | Build | House |
| 0:16 | Build | House |
| 0:16 | Create | Villager (Male) |
| 0:17 | Create | Villager (Male) |
| 0:17 | Create | Villager (Male) |
| 0:17 | Create | Villager (Male) |
| 0:29 | Research | Loom |
| 0:29 | Research | Loom |
| 1:58 | Create | Villager (Male) |
| 1:59 | Create | Villager (Male) |
| 1:59 | Create | Villager (Male) |
| 2:33 | Create | Villager (Male) |
| 2:33 | Create | Villager (Male) |
| 3:02 | Create | Villager (Male) |
| 3:02 | Create | Villager (Male) |
| 3:55 | Create | Villager (Male) |
| 3:55 | Create | Villager (Male) |
| 3:56 | Create | Villager (Male) |
| 3:56 | Create | Villager (Male) |
| 4:03 | Build | House |
| 4:04 | Build | House |
| 4:38 | Create | Villager (Male) |
| 4:38 | Create | Villager (Male) |
| 4:39 | Create | Villager (Male) |
| 4:41 | Create | Villager (Male) |
| 4:41 | Create | Villager (Male) |
| 4:42 | Create | Villager (Male) |
| 4:42 | Create | Villager (Male) |
| 5:30 | Build | Mill |
| 5:34 | Create | Villager (Male) |
| 5:35 | Create | Villager (Male) |
| 5:46 | Build | Lumber Camp |
| 5:54 | Create | Villager (Male) |
| 5:55 | Create | Villager (Male) |
| 7:29 | Create | Villager (Male) |
| 7:30 | Create | Villager (Male) |
| 7:30 | Create | Villager (Male) |
| 7:30 | Create | Villager (Male) |
| 8:17 | Create | Villager (Male) |
| 8:17 | Create | Villager (Male) |
| 9:05 | Research | Feudal Age |
| 9:05 | Research | Feudal Age |
| 9:12 | Build | Barracks |
| 9:18 | Build | Barracks |
| 9:34 | Build | Mining Camp |
| 9:40 | Build | Mining Camp |
| 9:47 | Build | Mining Camp |
| 9:50 | Create | Villager (Male) |
| 9:50 | Create | Villager (Male) |
| 9:50 | Create | Villager (Male) |
| 10:02 | Build | House |
| 10:18 | Build | Palisade Wall |
| 10:34 | Create | Militia |
| 10:34 | Create | Militia |
| 11:57 | Age | Feudal Age |
| 12:01 | Build | Watch Tower |
| 12:04 | Research | Man-at-Arms (upgrade) |
| 12:06 | Research | Wheelbarrow |
| 12:07 | Create | Villager (Male) |
| 12:12 | Build | Archery Range |
| 13:28 | Create | Archer |
| 13:28 | Create | Archer |
| 14:15 | Create | Villager (Male) |
| 14:15 | Create | Villager (Male) |
| 14:16 | Create | Villager (Male) |
| 14:21 | Build | Farm |
| 14:23 | Build | Farm |
| 14:24 | Build | Farm |
| 14:26 | Build | Farm |
| 14:28 | Build | Farm |
| 14:30 | Build | Farm |
| 14:31 | Build | Farm |
| 14:39 | Create | Archer |
| 14:53 | Build | House |
| 15:00 | Create | Villager (Male) |
| 15:00 | Create | Villager (Male) |
| 15:00 | Create | Villager (Male) |
| 15:05 | Build | House |
| 15:07 | Build | House |
| 15:28 | Create | Archer |
| 15:28 | Create | Archer |
| 16:13 | Build | Watch Tower |
| 16:22 | Create | Militia |
| 16:22 | Create | Militia |
| 16:26 | Build | Farm |
| 16:30 | Build | Farm |
| 16:35 | Build | Stone Wall |
| 16:36 | Build | Gate |
| 16:43 | Build | Stone Wall |
| 16:50 | Build | Stone Wall |
| 16:55 | Build | Stone Wall |
| 17:03 | Research | Double-Bit Axe |
| 17:03 | Research | Double-Bit Axe |
| 17:09 | Build | Farm |
| 17:12 | Create | Villager (Male) |
| 17:26 | Research | Arson |
| 17:27 | Create | Militia |
| 17:27 | Create | Militia |
| 17:41 | Build | Farm |
| 17:45 | Create | Villager (Male) |
| 17:45 | Create | Villager (Male) |
| 18:51 | Build | Watch Tower |
| 18:53 | Build | Mining Camp |
| 19:07 | Create | Militia |
| 19:07 | Create | Militia |
| 19:15 | Build | Blacksmith |
| 19:26 | Create | Archer |
| 19:26 | Create | Archer |
| 19:30 | Build | Stone Wall |
| 19:37 | Build | Lumber Camp |
| 19:51 | Research | Padded Archer Armor |
| 20:40 | Research | Fletching |
| 20:40 | Research | Fletching |
| 22:03 | Build | Watch Tower |
| 22:11 | Build | Stone Wall |
| 22:24 | Build | Stone Wall |
| 22:28 | Build | Stone Wall |
| 22:32 | Build | Stone Wall |
| 22:36 | Research | Forging |
| 22:44 | Research | Castle Age |
| 22:44 | Research | Castle Age |
| 22:59 | Research | Gold Mining |
| 23:22 | Build | Stable |
| 24:33 | Create | Militia |
| 24:33 | Create | Militia |
| 24:34 | Create | Militia |
| 25:01 | Create | Archer |
| 25:01 | Create | Archer |
| 25:01 | Create | Archer |
| 25:24 | Age | Castle Age |
| 25:39 | Build | Stone Wall |
| 25:53 | Build | Siege Workshop |
| 26:56 | Build | Stone Wall |
| 27:28 | Create | Mangonel |
| 28:59 | Build | Stone Wall |
| 29:05 | Build | Lumber Camp |
| 29:17 | Build | Stone Wall |
| 29:23 | Build | Gate |
| 29:29 | Create | Villager (Male) |
| 29:30 | Create | Villager (Male) |
| 29:31 | Research | Hand Cart |
| 29:51 | Build | Siege Workshop |
| 30:14 | Build | Lumber Camp |
| 30:20 | Create | Villager (Male) |
| 30:20 | Create | Villager (Male) |
| 30:26 | Create | Mangonel |
| 31:44 | Create | Villager (Male) |
| 31:44 | Create | Villager (Male) |
| 31:45 | Create | Villager (Male) |
| 31:45 | Create | Villager (Male) |
Build order — Searching for food
First 150 of 310 actions detected
| 0:02 | Create | Villager (Male) |
| 0:02 | Create | Villager (Male) |
| 0:02 | Create | Villager (Male) |
| 0:03 | Create | Villager (Male) |
| 0:03 | Create | Villager (Male) |
| 0:05 | Build | House |
| 0:07 | Build | House |
| 1:42 | Create | Villager (Male) |
| 1:43 | Create | Villager (Male) |
| 2:08 | Create | Villager (Male) |
| 2:08 | Create | Villager (Male) |
| 2:38 | Create | Villager (Male) |
| 2:38 | Create | Villager (Male) |
| 2:59 | Create | Villager (Male) |
| 3:31 | Build | Lumber Camp |
| 3:38 | Create | Villager (Male) |
| 3:38 | Create | Villager (Male) |
| 3:38 | Create | Villager (Male) |
| 4:12 | Create | Villager (Male) |
| 4:12 | Create | Villager (Male) |
| 4:18 | Build | House |
| 4:22 | Build | House |
| 4:28 | Create | Villager (Male) |
| 4:37 | Build | Mill |
| 5:11 | Create | Villager (Male) |
| 5:30 | Create | Villager (Male) |
| 5:50 | Create | Villager (Male) |
| 6:12 | Build | Palisade Wall |
| 6:15 | Build | Palisade Wall |
| 6:25 | Create | Villager (Male) |
| 7:12 | Create | Villager (Male) |
| 7:12 | Create | Villager (Male) |
| 7:37 | Build | Dock |
| 7:42 | Create | Villager (Male) |
| 7:52 | Create | Villager (Male) |
| 8:05 | Build | Palisade Wall |
| 8:08 | Build | Palisade Gate |
| 8:30 | Build | Palisade Wall |
| 8:39 | Create | Fishing Ship |
| 8:43 | Build | House |
| 8:46 | Create | Villager (Male) |
| 9:11 | Create | Villager (Male) |
| 9:16 | Create | Fishing Ship |
| 9:33 | Create | Villager (Male) |
| 9:42 | Build | Palisade Wall |
| 9:49 | Create | Villager (Male) |
| 10:13 | Create | Villager (Male) |
| 10:26 | Build | Mining Camp |
| 10:55 | Build | Palisade Wall |
| 11:00 | Research | Loom |
| 11:21 | Research | Feudal Age |
| 11:36 | Build | House |
| 11:45 | Build | Farm |
| 12:06 | Build | Lumber Camp |
| 12:11 | Create | Fishing Ship |
| 12:12 | Create | Fishing Ship |
| 12:21 | Build | Farm |
| 12:22 | Build | Farm |
| 12:56 | Create | Fishing Ship |
| 13:35 | Age | Feudal Age |
| 13:49 | Create | Villager (Male) |
| 14:17 | Create | Villager (Male) |
| 14:19 | Research | Double-Bit Axe |
| 14:27 | Build | House |
| 14:38 | Build | Market |
| 14:43 | Create | Villager (Male) |
| 14:58 | Build | Blacksmith |
| 15:03 | Build | House |
| 15:04 | Build | House |
| 16:05 | Research | Castle Age |
| 17:10 | Build | Farm |
| 17:11 | Build | Farm |
| 17:11 | Build | Farm |
| 17:12 | Build | Farm |
| 17:13 | Build | Farm |
| 17:26 | Build | Mining Camp |
| 18:32 | Build | Watch Tower |
| 18:45 | Age | Castle Age |
| 18:48 | Create | Villager (Male) |
| 18:48 | Create | Villager (Male) |
| 19:23 | Build | Siege Workshop |
| 19:27 | Create | Villager (Male) |
| 19:57 | Create | Mangonel |
| 20:12 | Create | Villager (Male) |
| 20:12 | Create | Villager (Male) |
| 21:33 | Create | Villager (Male) |
| 21:33 | Create | Villager (Male) |
| 21:33 | Create | Villager (Male) |
| 21:44 | Build | Barracks |
| 21:49 | Create | Villager (Male) |
| 21:58 | Create | Fishing Ship |
| 21:59 | Create | Fishing Ship |
| 22:20 | Create | Mangonel |
| 22:31 | Build | Stable |
| 22:39 | Create | Villager (Male) |
| 22:53 | Create | Villager (Male) |
| 23:03 | Create | Villager (Male) |
| 23:17 | Build | Mining Camp |
| 23:37 | Build | Dock |
| 23:39 | Create | Villager (Male) |
| 23:47 | Create | Knight |
| 23:48 | Create | Knight |
| 23:48 | Create | Knight |
| 23:48 | Create | Knight |
| 23:49 | Create | Knight |
| 24:09 | Build | Farm |
| 24:17 | Build | House |
| 24:32 | Build | House |
| 24:33 | Build | House |
| 24:35 | Research | Tech 906 |
| 24:44 | Build | Farm |
| 25:00 | Build | House |
| 25:01 | Build | House |
| 25:02 | Build | House |
| 25:03 | Create | Villager (Male) |
| 25:14 | Create | Fishing Ship |
| 25:14 | Create | Fishing Ship |
| 25:24 | Create | Fishing Ship |
| 25:24 | Create | Fishing Ship |
| 25:40 | Build | House |
| 25:41 | Build | House |
| 25:41 | Build | House |
| 25:47 | Create | Knight |
| 25:47 | Create | Knight |
| 25:47 | Research | Bloodlines |
| 25:48 | Research | Husbandry |
| 25:52 | Research | Scale Barding Armor |
| 25:55 | Build | Farm |
| 26:10 | Research | Bow Saw |
| 26:17 | Create | Fishing Ship |
| 26:21 | Create | Villager (Male) |
| 26:30 | Build | Farm |
| 26:41 | Research | Chain Barding Armor |
| 27:02 | Create | Villager (Male) |
| 27:04 | Build | Farm |
| 27:07 | Build | Farm |
| 27:21 | Research | Horse Collar |
| 27:23 | Build | Farm |
| 27:27 | Build | Farm |
| 27:27 | Build | Farm |
| 27:42 | Create | Knight |
| 28:58 | Create | Villager (Male) |
| 28:59 | Create | Villager (Male) |
| 29:03 | Create | Villager (Male) |
| 29:04 | Create | Villager (Male) |
| 29:56 | Build | Castle |
| 30:17 | Create | Villager (Male) |
| 30:29 | Create | Villager (Male) |
| 30:48 | Build | University |
| 30:50 | Create | Villager (Male) |
Build order — Vanadis
First 150 of 1312 actions detected
| 0:05 | Create | Villager (Male) |
| 0:06 | Research | Loom |
| 0:07 | Create | Villager (Male) |
| 0:07 | Create | Villager (Male) |
| 0:07 | Create | Villager (Male) |
| 0:07 | Create | Villager (Male) |
| 0:08 | Create | Villager (Male) |
| 0:09 | Build | House |
| 0:10 | Build | House |
| 0:12 | Build | House |
| 0:35 | Build | House |
| 1:41 | Create | Villager (Male) |
| 2:12 | Create | Villager (Male) |
| 2:35 | Create | Villager (Male) |
| 3:03 | Create | Villager (Male) |
| 3:04 | Create | Villager (Male) |
| 3:55 | Create | Villager (Male) |
| 3:55 | Create | Villager (Male) |
| 3:56 | Create | Villager (Male) |
| 3:56 | Create | Villager (Male) |
| 3:56 | Create | Villager (Male) |
| 4:21 | Create | Villager (Male) |
| 4:42 | Create | Villager (Male) |
| 5:58 | Create | Villager (Male) |
| 5:58 | Create | Villager (Male) |
| 5:58 | Create | Villager (Male) |
| 5:59 | Create | Villager (Male) |
| 6:38 | Create | Villager (Male) |
| 6:38 | Create | Villager (Male) |
| 6:39 | Create | Villager (Male) |
| 6:59 | Create | Villager (Male) |
| 7:48 | Build | Mill |
| 8:32 | Build | Lumber Camp |
| 9:34 | Build | Mill |
| 10:18 | Research | Feudal Age |
| 10:18 | Research | Feudal Age |
| 11:41 | Build | Lumber Camp |
| 11:57 | Build | House |
| 11:58 | Build | House |
| 12:00 | Build | House |
| 12:01 | Build | House |
| 12:04 | Build | House |
| 12:07 | Build | House |
| 12:28 | Age | Feudal Age |
| 12:28 | Create | Villager (Male) |
| 12:28 | Create | Villager (Male) |
| 12:29 | Create | Villager (Male) |
| 12:29 | Create | Villager (Male) |
| 12:29 | Create | Villager (Male) |
| 12:59 | Build | Mining Camp |
| 14:00 | Build | Market |
| 14:02 | Build | Blacksmith |
| 15:36 | Research | Double-Bit Axe |
| 15:41 | Research | Castle Age |
| 15:42 | Research | Castle Age |
| 15:42 | Research | Castle Age |
| 16:31 | Build | Farm |
| 16:32 | Build | Farm |
| 16:32 | Build | Farm |
| 16:32 | Build | Farm |
| 16:32 | Build | Farm |
| 16:32 | Build | Farm |
| 16:33 | Build | Farm |
| 16:33 | Build | Farm |
| 16:33 | Build | Farm |
| 16:33 | Build | Farm |
| 16:33 | Build | Farm |
| 16:36 | Build | Farm |
| 16:44 | Build | Farm |
| 17:06 | Research | Horse Collar |
| 17:06 | Research | Horse Collar |
| 17:07 | Research | Horse Collar |
| 17:53 | Research | Gold Mining |
| 18:21 | Age | Castle Age |
| 18:25 | Build | Town Center |
| 18:34 | Research | Wheelbarrow |
| 19:35 | Research | Hand Cart |
| 19:46 | Create | Villager (Male) |
| 20:05 | Create | Villager (Male) |
| 20:05 | Create | Villager (Male) |
| 20:06 | Create | Villager (Male) |
| 20:11 | Create | Villager (Male) |
| 20:11 | Create | Villager (Male) |
| 20:11 | Create | Villager (Male) |
| 20:41 | Create | Villager (Male) |
| 20:41 | Create | Villager (Male) |
| 20:41 | Create | Villager (Male) |
| 20:51 | Create | Villager (Male) |
| 20:51 | Create | Villager (Male) |
| 21:00 | Create | Villager (Male) |
| 21:09 | Create | Villager (Male) |
| 21:09 | Create | Villager (Male) |
| 21:09 | Create | Villager (Male) |
| 21:26 | Create | Villager (Male) |
| 21:26 | Create | Villager (Male) |
| 21:27 | Create | Villager (Male) |
| 21:27 | Create | Villager (Male) |
| 21:38 | Build | Town Center |
| 22:02 | Create | Villager (Male) |
| 22:03 | Create | Villager (Male) |
| 22:03 | Create | Villager (Male) |
| 22:03 | Create | Villager (Male) |
| 22:03 | Create | Villager (Male) |
| 22:04 | Create | Villager (Male) |
| 22:04 | Create | Villager (Male) |
| 22:46 | Create | Villager (Male) |
| 22:46 | Create | Villager (Male) |
| 22:47 | Create | Villager (Male) |
| 23:03 | Create | Villager (Male) |
| 23:03 | Create | Villager (Male) |
| 23:04 | Create | Villager (Male) |
| 23:04 | Create | Villager (Male) |
| 23:04 | Create | Villager (Male) |
| 23:04 | Create | Villager (Male) |
| 23:19 | Create | Villager (Male) |
| 23:19 | Create | Villager (Male) |
| 23:19 | Create | Villager (Male) |
| 23:31 | Build | Farm |
| 23:36 | Build | Farm |
| 23:41 | Build | Farm |
| 23:44 | Build | Farm |
| 23:53 | Create | Villager (Male) |
| 23:53 | Create | Villager (Male) |
| 23:53 | Create | Villager (Male) |
| 23:53 | Create | Villager (Male) |
| 24:00 | Build | Farm |
| 24:11 | Build | Farm |
| 24:15 | Build | Farm |
| 24:22 | Create | Villager (Male) |
| 24:22 | Create | Villager (Male) |
| 24:22 | Create | Villager (Male) |
| 24:23 | Create | Villager (Male) |
| 24:23 | Create | Villager (Male) |
| 24:23 | Create | Villager (Male) |
| 24:27 | Build | Farm |
| 24:47 | Build | Barracks |
| 24:49 | Build | Barracks |
| 24:51 | Build | Barracks |
| 24:52 | Build | Barracks |
| 24:54 | Build | Barracks |
| 25:03 | Build | House |
| 25:04 | Build | House |
| 25:04 | Build | House |
| 25:05 | Build | House |
| 25:06 | Build | House |
| 25:08 | Build | House |
| 25:08 | Build | House |
| 25:09 | Build | House |
| 25:10 | Build | House |
| 25:12 | Build | House |
Build order — orod
First 150 of 402 actions detected
| 0:18 | Create | Villager (Male) ×4 |
| 0:18 | Create | Villager (Male) ×4 |
| 0:18 | Create | Villager (Male) ×4 |
| 0:24 | Build | House |
| 0:26 | Build | House |
| 1:42 | Create | Villager (Male) |
| 1:42 | Create | Villager (Male) |
| 2:20 | Create | Villager (Male) |
| 2:20 | Create | Villager (Male) |
| 2:20 | Create | Villager (Male) |
| 2:44 | Create | Villager (Male) |
| 2:44 | Create | Villager (Male) |
| 3:15 | Create | Villager (Male) ×2 |
| 3:16 | Create | Villager (Male) ×2 |
| 3:16 | Create | Villager (Male) ×2 |
| 3:43 | Create | Villager (Male) |
| 3:43 | Create | Villager (Male) |
| 3:43 | Create | Villager (Male) |
| 3:55 | Build | House |
| 3:57 | Build | House |
| 4:06 | Create | Villager (Male) |
| 4:06 | Create | Villager (Male) |
| 4:40 | Create | Villager (Male) |
| 5:26 | Create | Villager (Male) |
| 5:27 | Create | Villager (Male) |
| 6:02 | Create | Villager (Male) ×3 |
| 6:02 | Create | Villager (Male) ×3 |
| 6:14 | Build | Barracks |
| 6:20 | Build | Palisade Wall |
| 6:22 | Build | Palisade Wall |
| 7:01 | Create | Villager (Male) ×2 |
| 7:11 | Build | Lumber Camp |
| 7:38 | Create | Villager (Male) |
| 8:11 | Build | House |
| 8:13 | Build | House |
| 8:27 | Build | Mill |
| 8:31 | Create | Villager (Male) |
| 9:00 | Create | Villager (Male) |
| 9:36 | Build | Palisade Wall |
| 9:41 | Create | Villager (Male) |
| 9:41 | Create | Villager (Male) |
| 9:50 | Build | Dock |
| 10:06 | Build | Mining Camp |
| 10:31 | Create | Fishing Ship |
| 10:32 | Create | Fishing Ship |
| 10:44 | Build | Dock |
| 10:50 | Create | Fishing Ship |
| 10:52 | Create | Villager (Male) |
| 10:53 | Create | Villager (Male) |
| 11:19 | Create | Fishing Ship |
| 11:42 | Build | Palisade Wall |
| 11:51 | Build | Palisade Wall |
| 11:55 | Build | Palisade Wall |
| 12:01 | Create | Fishing Ship |
| 12:03 | Create | Fishing Ship |
| 12:05 | Research | Feudal Age |
| 12:16 | Build | Palisade Wall |
| 12:39 | Research | Loom |
| 12:49 | Create | Villager (Male) |
| 12:49 | Create | Villager (Male) |
| 13:14 | Create | Militia |
| 13:15 | Create | Militia |
| 13:15 | Create | Militia |
| 14:08 | Create | Militia |
| 14:15 | Age | Feudal Age |
| 14:40 | Build | Watch Tower |
| 14:49 | Create | Fishing Ship |
| 14:50 | Create | Fishing Ship |
| 14:52 | Create | Fishing Ship |
| 14:52 | Create | Fishing Ship |
| 15:01 | Build | House |
| 15:02 | Build | House |
| 15:02 | Build | House |
| 15:02 | Build | House |
| 15:07 | Build | Mining Camp |
| 15:20 | Build | Archery Range |
| 15:31 | Create | Militia |
| 15:31 | Create | Militia |
| 15:58 | Create | Militia |
| 16:17 | Build | Farm |
| 16:18 | Build | Farm |
| 16:18 | Build | Farm |
| 16:18 | Build | Farm |
| 16:18 | Build | Farm |
| 16:18 | Build | Farm |
| 16:19 | Build | Farm |
| 16:20 | Build | Farm |
| 16:20 | Build | Farm |
| 16:20 | Build | Farm |
| 16:38 | Build | Palisade Wall |
| 16:55 | Build | Watch Tower |
| 17:02 | Create | Skirmisher |
| 17:02 | Create | Skirmisher |
| 17:56 | Build | Lumber Camp |
| 18:34 | Create | Villager (Male) |
| 18:40 | Build | Farm |
| 19:16 | Build | Watch Tower |
| 19:25 | Create | Villager (Male) |
| 19:30 | Build | House |
| 19:30 | Build | House |
| 19:30 | Build | House |
| 19:30 | Build | House |
| 19:31 | Build | House |
| 19:44 | Research | Man-at-Arms (upgrade) |
| 20:25 | Build | Farm |
| 20:38 | Build | Blacksmith |
| 21:15 | Research | Fletching |
| 21:20 | Build | Farm |
| 21:30 | Build | House |
| 21:30 | Build | House |
| 21:30 | Build | House |
| 21:30 | Build | House |
| 22:07 | Build | Farm |
| 22:38 | Research | Castle Age |
| 22:38 | Research | Castle Age |
| 22:56 | Build | Barracks |
| 23:15 | Research | Double-Bit Axe |
| 23:32 | Create | Skirmisher |
| 24:18 | Build | Watch Tower |
| 25:13 | Build | Farm |
| 25:18 | Age | Castle Age |
| 25:22 | Create | Villager (Male) |
| 25:23 | Create | Villager (Male) |
| 25:33 | Build | Castle |
| 25:39 | Create | Villager (Male) |
| 25:45 | Build | Siege Workshop |
| 26:12 | Build | Market |
| 26:27 | Create | Villager (Male) |
| 26:27 | Create | Villager (Male) |
| 26:40 | Create | Battering Ram |
| 26:53 | Create | Villager (Male) |
| 27:34 | Create | Janissary |
| 27:45 | Build | Stable |
| 28:39 | Create | Knight |
| 28:39 | Create | Knight |
| 28:47 | Create | Villager (Male) |
| 28:48 | Create | Villager (Male) |
| 28:48 | Create | Villager (Male) |
| 28:48 | Create | Villager (Male) |
| 28:48 | Create | Villager (Male) |
| 30:15 | Build | Castle |
| 30:24 | Create | Knight |
| 30:24 | Create | Knight |
| 30:48 | Research | Tech 906 |
| 30:49 | Create | Fishing Ship |
| 30:50 | Create | Fishing Ship |
| 30:55 | Create | Villager (Male) |
| 30:56 | Create | Villager (Male) |
| 31:00 | Build | Farm |
| 31:03 | Create | Battering Ram |
Match timeline
| 6:12 | Searching for food · wall_segment Palisade Wall x7 |
| 6:14 | orod · first_building Barracks |
| 6:15 | Searching for food · wall_segment Palisade Wall x1 |
| 6:17 | Motobineuse · first_building Dock |
| 6:20 | orod · wall_segment Palisade Wall x1 |
| 6:22 | orod · wall_segment Palisade Wall x1 |
| 6:59 | CDLP_Themachine · first_building Dock |
| 7:37 | Searching for food · first_building Dock |
| 8:05 | Searching for food · wall_segment Palisade Wall x1 |
| 8:30 | Searching for food · wall_segment Palisade Wall x3 |
| 9:12 | MapacheZebra · first_building Barracks |
| 9:36 | orod · wall_segment Palisade Wall x14 |
| 9:42 | Searching for food · wall_segment Palisade Wall x6 |
| 9:50 | orod · first_building Dock |
| 9:56 | CDLP_Themachine · first_building Barracks |
| 9:57 | Alastor1001 · first_building Dock |
| 10:17 | CDLP_Themachine · age_up feudal |
| 10:18 | MapacheZebra · wall_segment Palisade Wall x1 |
| 10:55 | Searching for food · wall_segment Palisade Wall x8 |
| 11:26 | CDLP_Themachine · first_building Archery Range |
| 11:42 | orod · wall_segment Palisade Wall x2 |
| 11:51 | orod · wall_segment Palisade Wall x3 |
| 11:55 | orod · wall_segment Palisade Wall x10 |
| 11:57 | MapacheZebra · age_up feudal |
| 12:12 | MapacheZebra · first_building Archery Range |
| 12:16 | orod · wall_segment Palisade Wall x2 |
| 12:25 | Motobineuse · age_up feudal |
| 12:25 | Alastor1001 · age_up feudal |
| 12:28 | Vanadis · age_up feudal |
| 13:06 | Anipazronkin · age_up feudal |
| 13:35 | Searching for food · age_up feudal |
| 14:02 | CDLP_Themachine · first_market_sell 100 wood |
| 14:15 | orod · age_up feudal |
| 14:34 | Anipazronkin · first_building Barracks |
| 14:49 | CDLP_Themachine · wall_segment Palisade Wall x10 |
| 15:20 | orod · first_building Archery Range |
| 15:35 | Searching for food · first_market_sell 100 stone |
| 15:37 | Searching for food · first_market_buy 100 food |
| 15:39 | Anipazronkin · first_building Archery Range |
| 16:35 | MapacheZebra · wall_segment Stone Wall x4 |
| 16:38 | orod · wall_segment Palisade Wall x6 |
| 16:43 | MapacheZebra · wall_segment Stone Wall x1 |
| 16:50 | MapacheZebra · wall_segment Stone Wall x2 |
| 16:55 | MapacheZebra · wall_segment Stone Wall x6 |
| 17:23 | Alastor1001 · first_building Barracks |
| 17:42 | Anipazronkin · first_building Stable |
| 18:21 | Vanadis · age_up castle |
| 18:45 | Searching for food · age_up castle |
| 19:08 | Alastor1001 · age_up castle |
| 19:23 | Searching for food · first_building Siege Workshop |
| 19:30 | MapacheZebra · wall_segment Stone Wall x3 |
| 21:44 | Searching for food · first_building Barracks |
| 22:07 | Alastor1001 · first_building Castle |
| 22:11 | MapacheZebra · wall_segment Stone Wall x1 |
| 22:24 | MapacheZebra · wall_segment Stone Wall x12 |
| 22:28 | MapacheZebra · wall_segment Stone Wall x3 |
| 22:31 | Searching for food · first_building Stable |
| 22:32 | MapacheZebra · wall_segment Stone Wall x5 |
| 23:05 | CDLP_Themachine · wall_segment Palisade Wall x5 |
| 23:22 | MapacheZebra · first_building Stable |
| 23:41 | CDLP_Themachine · first_market_buy 100 wood |
| 24:44 | Motobineuse · age_up castle |
| 24:47 | Vanadis · first_building Barracks |
| 25:18 | orod · age_up castle |
| 25:24 | MapacheZebra · age_up castle |
| 25:27 | CDLP_Themachine · wall_segment Palisade Wall x1 |
| 25:33 | orod · first_building Castle |
| 25:39 | MapacheZebra · wall_segment Stone Wall x1 |
| 25:45 | orod · first_building Siege Workshop |
| 25:53 | MapacheZebra · first_building Siege Workshop |
| 26:56 | MapacheZebra · wall_segment Stone Wall x7 |
| 27:10 | Anipazronkin · age_up castle |
| 27:45 | orod · first_building Stable |
| 28:10 | orod · first_market_buy 500 stone |
| 28:13 | orod · first_market_sell 500 food |
| 28:44 | Alastor1001 · first_market_buy 100 stone |
| 28:59 | MapacheZebra · wall_segment Stone Wall x16 |
| 29:17 | MapacheZebra · wall_segment Stone Wall x3 |
| 29:21 | Vanadis · wall_segment Palisade Wall x20 |
| 29:56 | Searching for food · first_building Castle |
| 29:56 | Vanadis · first_building Monastery |
| 30:56 | Alastor1001 · first_market_sell 100 wood |
| 31:19 | CDLP_Themachine · age_up castle |
| 31:51 | Motobineuse · first_market_buy 100 food |
| 32:03 | Alastor1001 · first_building Siege Workshop |
| 32:06 | MapacheZebra · wall_segment Stone Wall x2 |
| 32:14 | CDLP_Themachine · wall_segment Stone Wall x9 |
| 32:29 | MapacheZebra · wall_segment Stone Wall x6 |
| 32:35 | MapacheZebra · wall_segment Stone Wall x6 |
| 32:42 | CDLP_Themachine · wall_segment Stone Wall x6 |
| 33:41 | Vanadis · first_building Castle |
| 33:58 | MapacheZebra · wall_segment Stone Wall x1 |
| 34:19 | Alastor1001 · age_up imperial |
| 34:19 | MapacheZebra · wall_segment Stone Wall x1 |
| 35:02 | Vanadis · age_up imperial |
| 35:15 | CDLP_Themachine · first_building Stable |
| 35:53 | Motobineuse · first_building Castle |
| 35:58 | CDLP_Themachine · first_building Monastery |
| 36:01 | Searching for food · age_up imperial |
| 36:19 | Motobineuse · first_building Monastery |
| 36:21 | CDLP_Themachine · first_building Castle |
| 36:32 | Motobineuse · first_building Barracks |
| 37:27 | MapacheZebra · wall_segment Palisade Wall x4 |
| 37:28 | Motobineuse · first_building Stable |
| 37:39 | MapacheZebra · wall_segment Palisade Wall x1 |
| 37:44 | MapacheZebra · wall_segment Palisade Wall x1 |
| 37:54 | MapacheZebra · wall_segment Palisade Wall x7 |
| 37:58 | MapacheZebra · wall_segment Palisade Wall x3 |
| 38:49 | MapacheZebra · wall_segment Palisade Wall x1 |
| 38:56 | MapacheZebra · wall_segment Palisade Wall x4 |
| 39:08 | MapacheZebra · wall_segment Palisade Wall x1 |
| 39:10 | MapacheZebra · wall_segment Palisade Wall x3 |
| 39:17 | MapacheZebra · wall_segment Palisade Wall x1 |
| 39:34 | Searching for food · first_building Archery Range |
| 39:40 | MapacheZebra · wall_segment Palisade Wall x1 |
| 39:43 | Motobineuse · first_building Archery Range |
| 39:53 | Motobineuse · age_up imperial |
| 39:59 | Searching for food · wall_segment Stone Wall x9 |
| 40:45 | MapacheZebra · first_market_buy 100 stone |
| 41:42 | orod · wall_segment Palisade Wall x1 |
| 42:26 | CDLP_Themachine · first_building Siege Workshop |
| 43:42 | Alastor1001 · first_building Monastery |
| 43:43 | Motobineuse · first_market_sell 100 wood |
| 44:47 | Anipazronkin · first_building Siege Workshop |
| 44:51 | Anipazronkin · first_building Monastery |
| 46:19 | orod · age_up imperial |
| 46:47 | Anipazronkin · first_building Castle |
| 48:06 | MapacheZebra · wall_segment Palisade Wall x6 |
| 49:28 | Anipazronkin · age_up imperial |
| 49:32 | Alastor1001 · first_building Stable |
| 50:18 | Anipazronkin · first_market_sell 500 food |
| 50:35 | orod · first_building Monastery |
| 53:53 | Motobineuse · first_building Siege Workshop |
| 58:03 | CDLP_Themachine · wall_segment Stone Wall x13 |
| 62:20 | CDLP_Themachine · age_up imperial |
| 64:49 | MapacheZebra · age_up imperial |
| 66:44 | Motobineuse · tribute_sent a jugador 1 |
| 66:44 | Motobineuse · tribute_sent a jugador 2 |
| 66:44 | Motobineuse · tribute_sent a jugador 3 |
| 66:44 | Motobineuse · tribute_sent a jugador 5 |
| 66:44 | Motobineuse · tribute_sent a jugador 6 |
| 66:44 | Motobineuse · tribute_sent a jugador 7 |
| 66:44 | Motobineuse · tribute_sent a jugador 8 |
| 67:47 | Anipazronkin · resign |
[ AI ANALYSIS · 1 CREDIT ]
What really happened in this match?
Wolo.gg analyzes every decision: build order, eco, micro, common mistakes by bracket. Personalized analysis on WhatsApp or Discord in 30 seconds.
Civ guide
Saracens
Perfil
Jugador #2326356